AoeStats
← theoKn

Nomad

510409807Analyzed
3v3 RM · 11h ago on Sep 30, 2026· 40m 25s· 6 players
Game mode
Random Map
Map size
210×210
Population
200
Speed
Normal
Resources
Standard
Victory
Conquest
Starting age
Dark Age
Ending age
Imperial Age
RankedLock teamsTeams togetherTeam positionsShared explorationLock speedFull tech treeHidden civsTurbo modeCheats
Victory
Defeat
🇦🇷 Byzantines · Argentina
1006
+15
🇦🇷 Persians · Argentina
973
+16
🇦🇷 Italians · Argentina
897
+18
🇩🇪 Huns · Germany
990
-17
🇺🇸 Goths · United States
986
-17
🇹🇷 Turks · Türkiye
939
-15
[CHCINO]elboinaverde
14:29 Feudal Age
14:32 Loom
16:01 Fishing Lines
18:40 Castle Age
22:41 Fletching
23:02 Forging
23:39 Gillnets
24:45 Stone Mining
28:32 Wheelbarrow
31:12 Murder Holes
35:12 Double-Bit Axe
36:57 Treadmill Crane
38:25 Bow Saw
37:57 Horse Collar
39:13 Stone Shaft Mining
39:01 Ballistics
39:05 Hand Cart
39:39 Gold Mining
[CHCINO]TheGuillo
15:29 Feudal Age
17:43 Gold Mining
20:15 Castle Age
26:10 Imperial Age
24:00 Forging
23:51 Scale Mail Armor
25:19 Iron Casting
24:52 Squires
25:15 Medium Warships
25:12 Padded Archer Armor
31:42 Blast Furnace
30:58 Chain Mail Armor
30:37 Arson
31:52 Masonry
31:40 Fletching
32:07 Leather Archer Armor
33:11 Ballistics
32:48 Murder Holes
elfacusf
3:27 Loom
15:10 Feudal Age
15:45 Arson
15:21 Man-at-Arms
19:46 Stone Mining
21:59 Castle Age
20:37 Bloodlines
21:45 Fishing Lines
22:28 Forging
22:24 Scale Barding Armor
22:29 Gold Mining
23:28 Double-Bit Axe
23:52 Fletching
25:56 Ballistics
25:53 Horse Collar
28:20 Bodkin Arrow
29:32 Murder Holes
31:04 Padded Archer Armor
31:53 Wheelbarrow
31:10 Elite Skirmisher
32:14 Town Watch
37:32 Leather Archer Armor
40:23 Kamandaran
Saddam Gaming
14:31 Feudal Age
14:45 Man-at-Arms
16:04 Wheelbarrow
15:16 Double-Bit Axe
16:44 Forging
24:04 Castle Age
24:49 Long Swordsman
26:42 Town Watch
28:03 Fletching
theoKn
5:25 Loom
17:22 Feudal Age
18:49 Wheelbarrow
26:13 Castle Age
27:36 Hand Cart
37:56 Scale Barding Armor
DUn!T_Lope2
10:08 Loom
13:13 Feudal Age
14:52 Double-Bit Axe
14:48 Fishing Lines
22:00 Castle Age
20:18 Fletching
22:00 Stone Mining
22:25 Gold Mining
24:33 Bodkin Arrow
26:53 Medium Warships
27:35 Bloodlines
28:45 Padded Archer Armor
28:49 Horse Collar
29:51 Pikeman
30:32 Squires
30:56 Scale Mail Armor
32:18 Thumb Ring
36:23 Bow Saw
37:16 Ballistics
Connection lost

Rejoining the realm…

Still unreachable

The connection could not be restored.

Session expired

The server has moved on; the page needs a fresh start.